 Dungeon Sprint DCSS version 0.29.1-12-g30fa7ad0bf (webtiles) character file.

Game seed: 8849999698262346234

2914 112233 the Fencer (level 9, -13/90 HPs)
             Began as a Minotaur Fighter on Dec 25, 2022.
             Was an Elder of the Shining One.
             Mangled by a two-headed ogre
             ... wielding a +0 giant club
              (14 damage)
             ... in the Dungeon (Sprint IX: "|||||||||||||||||||||||||||||").
             The game lasted 00:02:43 (700 turns).

112233 the Fencer (Minotaur Fighter)                 Turns: 700, Time: 00:02:44

Health: -13/90     AC: 15    Str: 24    XL:     9   Next: 50%
Magic:  2/11       EV: 12    Int:  5    God:    the Shining One [****..]
Gold:   0          SH:  5    Dex: 14    Spells: 8/8 levels left

rFire   . . .      SeeInvis .   m - +2 scimitar (vorpal)
rCold   . . .      Faith    .   c - +0 buckler
rNeg    + + .      Spirit   .   r - +1 chain mail
rPois   .          Reflect  .   (helmet restricted)
rElec   .          Harm     .   o - +0 cloak
rCorr   .          Rampage  .   (no gloves)
Will    .....      NoTele   +   (no boots)
Stlth   ..........              (no amulet)
HPRegen 0.25/turn               p - +2 ring of evasion
MPRegen 0.12/turn               q - +3 ring of strength

@: glowing
A: horns 2, retaliatory headbutt
a: Renounce Religion, Divine Shield, Cleansing Flame


You were in the Dungeon.
You worshipped the Shining One.
The Shining One was greatly pleased with you.
You visited 1 branch

Inventory:

Hand Weapons
 a - a +0 long sword
 i - a +0 shortbow
 m - a +2 vorpal scimitar (weapon)
Armour
 b - a +0 scale mail
 c - a +0 buckler (worn)
 n - a +0 helmet
 o - a +0 cloak (worn)
 r - a +1 chain mail (worn)
Jewellery
 p - a +2 ring of evasion (left hand)
 q - a +3 ring of strength (right hand)
Wands
 l - a wand of roots (6)
Scrolls
 j - a scroll of blinking
 k - 2 scrolls of amnesia
Potions
 h - 4 potions of magic


   Skills:
 + Level 12.3 Fighting
 * Level 18.2 Long Blades
 + Level 12.8 Armour
 + Level 4.1 Dodging
 - Level 4.2 Shields
 * Level 5.0 Invocations
 + Level 1.0 Evocations


You had 8 spell levels left.
You didn't know any spells.
Your spell library was empty.

Dungeon Overview and Level Annotations

Branches:
Dungeon (1/1)

Altars:
Cheibriados
Dithmenos
Elyvilon
Fedhas
Gozag
Hepliaklqana
Kikubaaqudgha
Makhleb
Nemelex Xobeh
Okawaru
Qazlal
Ru
Sif Muna
Trog
Uskayaw
Vehumet
Wu Jian
Xom
Yredelemnul
Zin
The Shining One
Jiyva
Lugonu


Innate Abilities, Weirdness & Mutations

You have a pair of horns on your head.
You reflexively headbutt those who attack you in melee.


Message History

Your Invocations skill increases to level 5!
Your Evocations skill increases to level 1!
Unknown command.
Aiming: Fastroot
Press: ? - help, Shift-Dir - straight line, f - two-headed ogre
Aim: a two-headed ogre, wielding a +0 giant club and a +0 giant spiked club (haloed)
Okay, then.
Activating: Cleansing Flame (41% risk of failure)
Press: ? - help, Dir - look around, f - activate The golden flame engulfs you but does no damage.
You resist.
The golden flame engulfs the two-headed ogre!
The two-headed ogre is moderately wounded.
The two-headed ogre barely misses you.
The two-headed ogre hits you but does no damage.
Unknown command.
Activating: Cleansing Flame (41% risk of failure)
Press: ? - help, Dir - look around, f - activate The golden flame engulfs you but does no damage.
You resist.
The golden flame engulfs the two-headed ogre!
The two-headed ogre is heavily wounded.
Unknown command.
Unknown command.
Unknown command.
You barely miss the two-headed ogre.
The two-headed ogre is heavily wounded.
The two-headed ogre barely misses you. You furiously retaliate!
You headbutt the two-headed ogre!
The two-headed ogre hits you with a +0 giant spiked club.
* * * LOW HITPOINT WARNING * * *
Unknown command.
Unknown command.
You slash the two-headed ogre!
The two-headed ogre is almost dead.
Unknown command.
You slash the two-headed ogre!
The two-headed ogre is almost dead.
The two-headed ogre hits you with a +0 giant club!
You die...

▓▓▓
▓@▓
▓O▓
▓.▓
▓.▓
▓'▓
▓)▓
▓.▓
▓.▓
▓.▓


You could see a two-headed ogre.

Vanquished Creatures
  A centaur warrior (D)
  2 ugly things (D)
  2 kobold demonologists (D)
  A komodo dragon (D)
  A slime creature (D)
  A yak (D)
  A wraith (D)
  A vampire mosquito (D)
  A centaur (D)
  A jelly (D)
  2 iguanas (D)
  An adder (D)
  A shadow imp (D)
  2 bats (D)
  An endoplasm (D)
  A ball python (D)
  A frilled lizard (D)
21 creatures vanquished.

Notes
Turn   | Place    | Note
-------+----------+-------------------------------------------
     0 | D        | 112233 the Minotaur Fighter began the quest for the Orb.
     0 | D        | Reached XP level 1. HP: 19/19 MP: 0/0
    19 | D        | Noticed an iguana
    19 | D        | Noticed a jelly
    19 | D        | Noticed an iguana
    26 | D        | Killed an iguana
    27 | D        | Reached skill level 5 in Fighting
    27 | D        | Reached skill level 4 in Long Blades
    27 | D        | Reached skill level 5 in Armour
    27 | D        | Reached XP level 2. HP: 23/29 MP: 1/1
    27 | D        | Reached XP level 3. HP: 28/36 MP: 2/2
    35 | D        | Reached skill level 5 in Long Blades
    35 | D        | Reached XP level 4. HP: 10/44 MP: 3/3
    44 | D        | Reached skill level 6 in Long Blades
   193 | D        | Found a snail-covered altar of Cheibriados.
   193 | D        | Found a shadowy altar of Dithmenos.
   193 | D        | Found a white marble altar of Elyvilon.
   193 | D        | Found a blossoming altar of Fedhas.
   193 | D        | Found an opulent altar of Gozag.
   194 | D        | Found a hazy altar of Hepliaklqana.
   195 | D        | Found a viscous altar of Jiyva.
   196 | D        | Found an ancient bone altar of Kikubaaqudgha.
   197 | D        | Found a corrupted altar of Lugonu.
   198 | D        | Found a burning altar of Makhleb.
   199 | D        | Found a sparkling altar of Nemelex Xobeh.
   200 | D        | Found an iron altar of Okawaru.
   201 | D        | Found a stormy altar of Qazlal.
   202 | D        | Found a sacrificial altar of Ru.
   203 | D        | Found a shimmering blue altar of Sif Muna.
   204 | D        | Found a bloodstained altar of Trog.
   205 | D        | Found a hide-covered altar of Uskayaw.
   206 | D        | Found a radiant altar of Vehumet.
   207 | D        | Found an ornate altar of the Wu Jian Council.
   208 | D        | Found a shimmering altar of Xom.
   209 | D        | Found a basalt altar of Yredelemnul.
   210 | D        | Found a glowing silver altar of Zin.
   211 | D        | Found a glowing golden altar of the Shining One.
   219 | D        | Became a worshipper of the Shining One
   264 | D        | Noticed a kobold demonologist
   264 | D        | Noticed a centaur
   264 | D        | Noticed a vampire mosquito
   264 | D        | Reached * piety under the Shining One
   264 | D        | Noticed a wraith
   264 | D        | Noticed a yak
   264 | D        | Reached ** piety under the Shining One
   264 | D        | Noticed a komodo dragon
   266 | D        | Noticed a ynoxinul
   270 | D        | Killed a kobold demonologist
   271 | D        | Reached skill level 11 in Long Blades
   271 | D        | Reached XP level 5. HP: 40/57 MP: 4/4
   271 | D        | Reached XP level 6. HP: 44/63 MP: 5/5
   273 | D        | Reached skill level 12 in Long Blades
   274 | D        | Killed a vampire mosquito
   275 | D        | Reached XP level 7. HP: 43/71 MP: 6/6
   277 | D        | Killed a wraith
   277 | D        | Reached *** piety under the Shining One
   278 | D        | Reached skill level 10 in Fighting
   278 | D        | Reached skill level 13 in Long Blades
   278 | D        | Reached skill level 10 in Armour
   280 | D        | Killed a yak
   281 | D        | Reached skill level 14 in Long Blades
   282 | D        | Killed a komodo dragon
   283 | D        | Reached XP level 8. HP: 55/81 MP: 7/7
   569 | D        | Noticed a slime creature
   569 | D        | Noticed a brown ugly thing
   569 | D        | Noticed a centaur warrior
   569 | D        | Noticed a red ugly thing
   569 | D        | Noticed a kobold demonologist
   569 | D        | Reached **** piety under the Shining One
   569 | D        | Noticed a two-headed ogre
   574 | D        | Killed a slime creature
   575 | D        | Reached skill level 15 in Long Blades
   575 | D        | Reached skill level 1 in Invocations
   585 | D        | Noticed a red devil
   592 | D        | Killed a brown ugly thing
   593 | D        | Reached skill level 16 in Long Blades
   600 | D        | HP: 3/82 [centaur warrior (12)]
   602 | D        | The Shining One protects you from harm!
   603 | D        | The Shining One protects you from harm!
   654 | D        | The Shining One protects you from harm!
   669 | D        | Killed a centaur warrior
   670 | D        | Reached skill level 17 in Long Blades
   670 | D        | Reached XP level 9. HP: 11/90 MP: 9/11
   683 | D        | Killed a kobold demonologist
   693 | D        | HP: 3/90 [red ugly thing (21)]
   695 | D        | Killed a red ugly thing
   696 | D        | Reached skill level 18 in Long Blades
   696 | D        | Reached skill level 5 in Invocations
   696 | D        | Reached skill level 1 in Evocations
   698 | D        | HP: 1/90 [two-headed ogre/+0 giant club (3)]
   700 | D        | Mangled by a two-headed ogre

Illustrated notes

Levels and vault maps discovered:
D:        linesprint [early_d, line_temple, items_1, d_10, items_2, lair_1,
          lair_end, items_3, orc_1, orc_end, items_4, d_15, swamp_1, shoals_1,
          snake_1, spider_1, d_20, vaults_1, items_5, swamp_end, shoals_end,
          snake_end, spider_end, vaults_end, d_27, items_6, zot_1, zot_end,
          crypt_end, forest_end, elf_end, slime_end, tomb_end, abyss_end,
          pan_hell_end]

Skill      XL: |  1  2  3  4  5  6  7  8  9 |
---------------+----------------------------+-----
Fighting       | 5 6 9 10 11 12 | 12.3
Armour         | 5 6 9 11 12 | 12.8
Shields        | 4 |  4.2
Long Blades    | 4 5 11 12 14 17 18 | 18.2
Dodging        | 2 3 4 |  4.1
Invocations    | 4 5 |  5.0
Evocations     | 1 |  1.0

Action                   |  1- 3 |  4- 6 |  7- 9 || total
-------------------------+-------+-------+-------++-------
Melee: Long sword        |    24 |    10 |       ||    34
       Headbutt          |     1 |     6 |    19 ||    26
       Scimitar          |       |     8 |    45 ||    53
Invok: Divine Shield     |       |       |     1 ||     1
       Cleansing Flame   |       |       |     2 ||     2
Evoke: Wand              |       |       |     4 ||     4
  Use: Potion            |       |     2 |     9 ||    11
       Scroll            |       |       |     1 ||     1
Armor: Scale mail        |    15 |     1 |       ||    16
       Chain mail        |       |     2 |    10 ||    12
Dodge: Dodged            |     7 |     6 |    20 ||    33
Block: Buckler           |     5 |     3 |    15 ||    23
